 Dungeon Crawl Stone Soup version 0.27.0-1-g7a089689b8 (webtiles) character file.

Game seed: 2959649662196447178

376 Malachi the Vexing (level 6, -3/47 HPs)
             Began as a Gnoll Arcane Marksman on Aug 15, 2021.
             Killed from afar by Natasha (6 damage)
             ... with a magic dart
             ... on level 4 of the Dungeon.
             The game lasted 00:06:17 (5007 turns).

Malachi the Vexing (Gnoll Arcane Marksman)          Turns: 5007, Time: 00:06:18

Health: -3/47      AC:  3    Str: 10    XL:     6   Next: 73%
Magic:  11/11      EV: 13    Int: 14    God:
Gold:   51         SH:  0    Dex: 12    Spells: 8/12 levels left

rFire    . . .     SeeInvis .   a - +0 shortbow
rCold    . . .     Faith    .   (shield currently unavailable)
rNeg     . . .     Spirit   .   o - +0 leather armour
rPois    .         Reflect  .   (no helmet)
rElec    .         Harm     .   (no cloak)
rCorr    .         Rampage  .   (no gloves)
Will     .....                  (no boots)
Stlth    ++........             (no amulet)
HPRegen  0.15/turn              (no ring)
MPRegen  0.12/turn              (no ring)

@: no status effects
A: fangs 1, strong nose, distributed training
a: no special abilities


You were on level 4 of the Dungeon.
You visited 1 branch of the dungeon, and saw 4 of its levels.

You collected 51 gold pieces.

Inventory:

Hand Weapons
 a - a +0 shortbow (weapon)
 b - a +0 hunting sling
 n - a +0 hand axe
Missiles
 c - 6 arrows (quivered ammo)
 f - 25 stones
Armour
 d - a +0 robe
 o - a +0 leather armour (worn)
Wands
 k - a wand of flame (13)
 p - a wand of iceblast (2)
Scrolls
 g - a scroll of noise {unknown}
 h - a scroll of blinking {unknown}
 i - a scroll of identify {unknown}
 l - a scroll of fog {unknown}
 q - a scroll of teleportation {unknown}
 r - a scroll of fear {unknown}


   Skills:
 + Level 3.3 Fighting
 + Level 2.1 Short Blades
 + Level 2.1 Long Blades
 + Level 2.1 Axes
 + Level 2.1 Maces & Flails
 + Level 2.1 Polearms
 + Level 2.1 Staves
 + Level 2.1 Slings
 + Level 5.0 Bows
 + Level 2.1 Crossbows
 + Level 2.1 Throwing
 + Level 2.1 Armour
 + Level 5.0 Dodging
 + Level 2.1 Stealth
 + Level 2.1 Shields
 + Level 2.1 Unarmed Combat
 + Level 3.5 Spellcasting
 + Level 1.6 Conjurations
 + Level 5.7 Hexes
 + Level 1.6 Summonings
 + Level 1.6 Necromancy
 + Level 1.6 Translocations
 + Level 1.6 Transmutations
 + Level 1.6 Fire Magic
 + Level 1.6 Ice Magic
 + Level 1.6 Air Magic
 + Level 1.6 Earth Magic
 + Level 1.6 Poison Magic
 + Level 2.3 Invocations
 + Level 2.1 Evocations


You had 8 spell levels left.
You knew the following spells:

 Your Spells              Type           Power      Damage    Failure   Level
a - Corona                Hex            20%        N/A       2%          1
b - Inner Flame           Hex/Fire       12%        N/A       19%         3

Your spell library contained the following spells:

 Spells                   Type           Power      Damage    Failure   Level
 Slow                     Hex            18%        N/A       3%          2
 Shock                    Conj/Air       28%        1d4       14%         1
 Portal Projectile        Hex/Tloc       24%        N/A       19%         3
 Cause Fear               Hex            9%         N/A       26%         4
 Swiftness                Air            7%         N/A       38%         3
 Airstrike                Air            3%         N/A       80%         4


Dungeon Overview and Level Annotations

Branches:
Dungeon (4/15)
 Temple: D:4-7

Altars:
Xom
The Shining One

Annotations:
D:4 Natasha


Innate Abilities, Weirdness & Mutations

You have very sharp teeth.
Your uncanny sense of smell can sniff out nearby items.
Your experience applies equally to all skills.


Message History

Press: ? - help, Q - select action, (/) - cycle Shift-Dir - straight line, f/p - orc priest
Aim: an orc priest, wielding a +0 club (severely wounded, 60% to hit)
You shoot an arrow.
The arrow completely misses the orc priest.
The arrow hits Natasha but does no damage.
The crimson imp blinks!
The orc priest barely misses you.
Fire: 9 arrows
Press: ? - help, Q - select action, (/) - cycle Shift-Dir - straight line, f/p - orc priest
Aim: an orc priest, wielding a +0 club (severely wounded, 60% to hit)
You shoot an arrow. The arrow hits the orc priest.
The orc priest is almost dead.
The orc priest completely misses you.
Fire: 8 arrows
Press: ? - help, Q - select action, (/) - cycle Shift-Dir - straight line, f/p - orc priest
Aim: an orc priest, wielding a +0 club (almost dead, 60% to hit)
You shoot an arrow. The arrow hits the orc priest.
The orc priest is almost dead.
The orc priest closely misses you.
Fire: 7 arrows
Press: ? - help, Q - select action, (/) - cycle Shift-Dir - straight line, f/p - orc priest
Aim: an orc priest, wielding a +0 club (almost dead, 60% to hit)
You shoot an arrow. The arrow hits the orc priest.
You kill the orc priest!
Natasha casts a spell.
The crimson imp blinks!
Natasha mewls in sadness.
The crimson imp blinks!
The crimson imp blinks!
The crimson imp closely misses you.
Really attack while wielding your +0 shortbow?
Okay, then.
As you read the scroll labelled BEITUANNOTT, it crumbles to dust.
It is a scroll of amnesia.
Really abort (and waste the scroll)?
Okay, then.
The crimson imp hits you.
* * * LOW HITPOINT WARNING * * *
Natasha stares at you and mumbles some strange words.
The magic dart hits you.
You die...

#........#.####............
#........#.# #............
#........#.# #............
##########.# ##...........
#.# ##.....#.... #.#
#.....###.. #.# #.....####.
#5# #.......... #@#
#.....####. #.# #.....# #.
#h# #..#### #. #B# #.. #.
#.# #.# ## #.# #5# #(# #(#


You could see Natasha, 2 crimson imps and a giant cockroach.

Vanquished Creatures
  A necrophage (D:3)
  A scorpion (D:4)
  An orc priest (D:4)
  Jessica (D:3)
  Natasha (D:4)
  An orc wizard (D:4)
  4 adders (D:2)
  A worm (D:2)
  3 dart slugs
  7 orcs
  3 endoplasms
  8 giant cockroaches
  7 goblins
  5 hobgoblins
  2 jackals (D:2)
  4 kobolds
  6 ball pythons
  7 bats
  3 frilled lizards
  12 rats
78 creatures vanquished.

Notes
Turn   | Place    | Note
-------+----------+-------------------------------------------
     0 | D:1      | Malachi the Gnoll Arcane Marksman began the quest for the
                  | Orb.
     0 | D:1      | Reached XP level 1. HP: 17/17 MP: 4/4
   359 | D:1      | Reached XP level 2. HP: 23/23 MP: 5/5
  1484 | D:2      | Reached XP level 3. HP: 25/28 MP: 7/7
  1488 | D:2      | Learned a level 3 spell: Inner Flame
  1622 | D:2      | Reached skill level 1 in Invocations
  1628 | D:2      | Reached skill level 1 in Short Blades
  1628 | D:2      | Reached skill level 1 in Long Blades
  1628 | D:2      | Reached skill level 1 in Axes
  1628 | D:2      | Reached skill level 1 in Maces & Flails
  1628 | D:2      | Reached skill level 1 in Polearms
  1628 | D:2      | Reached skill level 1 in Staves
  1628 | D:2      | Reached skill level 1 in Slings
  1628 | D:2      | Reached skill level 1 in Crossbows
  1628 | D:2      | Reached skill level 1 in Throwing
  1628 | D:2      | Reached skill level 1 in Armour
  1628 | D:2      | Reached skill level 1 in Stealth
  1628 | D:2      | Reached skill level 1 in Shields
  1628 | D:2      | Reached skill level 1 in Unarmed Combat
  1628 | D:2      | Reached skill level 1 in Evocations
  1722 | D:2      | Reached XP level 4. HP: 20/34 MP: 8/8
  2185 | D:2      | Found a glowing golden altar of the Shining One.
  2800 | D:3      | Reached skill level 1 in Conjurations
  2800 | D:3      | Reached skill level 1 in Summonings
  2800 | D:3      | Reached skill level 1 in Necromancy
  2800 | D:3      | Reached skill level 1 in Translocations
  2800 | D:3      | Reached skill level 1 in Transmutations
  2800 | D:3      | Reached skill level 1 in Fire Magic
  2800 | D:3      | Reached skill level 1 in Ice Magic
  2800 | D:3      | Reached skill level 1 in Air Magic
  2800 | D:3      | Reached skill level 1 in Earth Magic
  2800 | D:3      | Reached skill level 1 in Poison Magic
  2802 | D:3      | Found a shimmering altar of Xom.
  2802 | D:3      | Noticed Jessica
  2808 | D:3      | Killed Jessica
  2817 | D:3      | Reached XP level 5. HP: 25/40 MP: 9/9
  3040 | D:3      | Found a faded altar of an unknown god.
  3113 | D:3      | Noticed a necrophage
  3125 | D:3      | Killed a necrophage
  4164 | D:3      | Reached XP level 6. HP: 47/47 MP: 10/10
  4453 | D:4      | Noticed Natasha
  4461 | D:4      | Killed Natasha
  4548 | D:4      | Reached skill level 5 in Bows
  4548 | D:4      | Reached skill level 5 in Dodging
  4979 | D:4      | Noticed Natasha
  5007 | D:4      | Killed from afar by Natasha

Illustrated notes

Levels and vault maps discovered:
D:1:      tarquinn_simple_flora_water_b, layout_loops_ring
D:2:      layout_loops_ring, basic_altar, minmay_cupped
D:3:      layout_loops_ring, mainiacjoe_overflow_concentric_impassable,
          portal_sewer_entry_e, basic_ecumenical_altar, kennysheep_another_room,
          uniq_jessica
D:4:      minmay_bubble_buster, layout_rooms, kennysheep_mini, uniq_natasha

Skill      XL: |  1  2  3  4  5  6 |
---------------+-------------------+-----
Invocations    | 1 2 |  2.3
Short Blades   | 1 2 |  2.1
Long Blades    | 1 2 |  2.1
Axes           | 1 2 |  2.1
Maces & Flails | 1 2 |  2.1
Polearms       | 1 2 |  2.1
Staves         | 1 2 |  2.1
Slings         | 1 2 |  2.1
Crossbows      | 1 2 |  2.1
Throwing       | 1 2 |  2.1
Armour         | 1 2 |  2.1
Stealth        | 1 2 |  2.1
Shields        | 1 2 |  2.1
Unarmed Combat | 1 2 |  2.1
Evocations     | 1 2 |  2.1
Spellcasting   | 3 |  3.5
Conjurations   | 1 |  1.6
Summonings     | 1 |  1.6
Necromancy     | 1 |  1.6
Translocations | 1 |  1.6
Transmutations | 1 |  1.6
Fire Magic     | 1 |  1.6
Ice Magic      | 1 |  1.6
Air Magic      | 1 |  1.6
Earth Magic    | 1 |  1.6
Poison Magic   | 1 |  1.6
Fighting       | 3 |  3.3
Bows           | 5 |  5.0
Dodging        | 5 |  5.0
Hexes          | |  5.7

Action                   |  1- 3 |  4- 6 || total
-------------------------+-------+-------++-------
Melee: Unarmed           |       |    10 ||    10
       Hunting sling     |       |     1 ||     1
       Hand axe          |       |     3 ||     3
       Shortbow          |       |     2 ||     2
       Punch             |       |     1 ||     1
 Fire: Shortbow          |    93 |    23 ||   116
       Hunting sling     |       |   180 ||   180
Throw: Boomerang         |    13 |    10 ||    23
 Cast: Corona            |     1 |       ||     1
  Use: Potion            |     2 |     4 ||     6
       Scroll            |       |     1 ||     1
Armor: Robe              |    17 |    10 ||    27
       Leather armour    |       |     9 ||     9
Dodge: Dodged            |    52 |    85 ||   137
